 Dungeon Crawl Stone Soup version 0.22-a0-159-g7ce444f (webtiles) character file.

3987 theanonym the Basher (level 10, -28/79 HPs)
             Began as a Mummy Chaos Knight on Feb 9, 2018.
             Annihilated by a death yak (32 damage)
             ... on level 8 of the Dungeon.
             The game lasted 00:19:21 (6616 turns).

theanonym the Basher (Mummy Chaos Knight)           Turns: 6616, Time: 00:19:22

Health: -28/79     AC: 14    Str: 20    XL:     10   Next: 3%
Magic:  10/10      EV: 10    Int: 11    God:    Xom [....*.]
Gold:   171        SH:  0    Dex: 11    Spells: 9/9 levels left

rFire    x . .     SeeInvis .   a - +0 flail
rCold    + . .     Gourm    .   (no shield)
rNeg     + + +     Faith    .   i - +0 plate armour
rPois    ∞         Spirit   .   (no helmet)
rElec    .         Reflect  .   b - +0 cloak
rCorr    .         Harm     .   k - +0 pair of gloves
MR       +....                  (no boots)
Stlth    ..........             e - amulet of regeneration
HPRegen  0.63/turn              l - +4 ring of evasion
MPRegen  0.12/turn              q - +2 ring of protection

@: no status effects
A: no food or potions, fire vulnerability, cold resistance 1, negative energy
resistance 3, torment resistance, unbreathing
a: Renounce Religion


Innate Abilities, Weirdness & Mutations

You do not eat or drink.
Your flesh is vulnerable to fire.
You are immune to poison.
Your flesh is cold resistant. (rC+)
You are immune to negative energy. (rN+++)
You are immune to unholy pain and torment.
You can survive without breathing.


   Skills:
 + Level 7.4 Fighting
 * Level 11.9 Maces & Flails
 - Level 1.5 Armour
 - Level 0.7 Dodging


You had 9 spell levels left.
You didn't know any spells.

Skill      XL: |  1  2  3  4  5  6  7  8  9 |
---------------+----------------------------+-----
Maces & Flails | 3 9 10 11 | 11.9
Fighting       | 4 5 6 7 |  7.4
Armour         | |  1.5
Dodging        | |  0.7

Action                   |  1- 3 |  4- 6 |  7- 9 | 10-12 || total
-------------------------+-------+-------+-------+-------++-------
Melee: Mace              |   111 |   136 |       |       ||   247
       Flail             |       |    11 |   644 |     5 ||   660
Evoke: Wand              |       |       |     1 |       ||     1
  Use: Scroll            |       |     5 |     7 |       ||    12
 Stab: Petrifying        |       |     1 |     2 |       ||     3
       Confused          |       |       |     2 |       ||     2
       Paralysed         |       |       |     1 |       ||     1
       Distracted        |       |       |     1 |       ||     1
       Petrified         |       |       |     4 |       ||     4
       Invisible         |       |       |     3 |       ||     3
Armor: Leather armour    |    35 |       |       |       ||    35
       Ring mail         |    19 |    50 |       |       ||    69
       Chain mail        |       |     5 |    75 |       ||    80
       Plate armour      |       |       |   249 |    13 ||   262
Dodge: Dodged            |    70 |    94 |   330 |       ||   494

Inventory:

Hand Weapons
 a - a +0 flail (weapon)
   (You took it off a gnoll on level 4 of the Dungeon)
Armour
 b - a +0 cloak (worn)
   (You took it off Crazy Yiuf on level 7 of the Dungeon)
 i - a +0 plate armour (worn)
   (You found it in an ossuary)
 k - a +0 pair of gloves (worn)
   (You found it on level 1 of the Dungeon)
Jewellery
 e - an amulet of regeneration (around neck)
   (You took it off an orc on level 7 of the Dungeon)
 l - a +4 ring of evasion (left hand)
   (You found it on level 3 of the Dungeon)
 m - an uncursed amulet of guardian spirit
   (You found it on level 3 of the Dungeon)
 q - a +2 ring of protection (right hand)
   (You found it on level 6 of the Dungeon)
Wands
 d - a wand of digging (9)
   (You took it off Jessica on level 2 of the Dungeon)
 u - a wand of iceblast (16)
   (You bought it in a shop on level 6 of the Dungeon)
 v - a wand of enslavement (3)
   (You bought it in a shop on level 6 of the Dungeon)
Scrolls
 c - 2 scrolls of immolation
 f - 2 scrolls of fog
 h - 2 scrolls of amnesia
 j - 2 scrolls of fear
 n - 4 scrolls of remove curse
 o - a scroll of enchant weapon {unknown}
 t - 3 scrolls of teleportation {!r}
 w - a scroll of silence {unknown}


You were on level 8 of the Dungeon.
You worshipped Xom.
You were a beloved toy of Xom.
You were not hungry.

You visited 1 branch of the dungeon, and saw 8 of its levels.
You also visited: Ossuary.

You collected 451 gold pieces.
You spent 280 gold pieces at shops.

Dungeon Overview and Level Annotations

Branches:
Dungeon (8/15)             Temple (0/1) D:4            Lair (0/6) D:8

Altars:
Ashenzari
Cheibriados
Fedhas
Gozag
Kikubaaqudgha
Makhleb
Ru
Sif Muna
Wu Jian
Xom
The Shining One

Shops:
D:6

* ..#..# #
#..#####.#####.##
.##..# #..# , #.
##...# ###.# ,*
*,* ..... #.#.# *,
*,* .... #.#.## *
#.## * #....# ** *
# #(##.# , *
#.##.# ,, #.
#@##.# #.# #.##.#
#.#
##########.##..
#.#
#.........{###.
#.# #....{.....# .
..# #.......%..#
..#####..........#
.....('..........#
..#####.........##


There were no monsters in sight!

Notes
Turn   | Place    | Note
-------+----------+-------------------------------------------
     0 | D:1      | theanonym the Mummy Chaos Knight began the quest for the Orb.
     0 | D:1      | Reached XP level 1. HP: 18/18 MP: 1/1
   179 | D:1      | XOM: smoke on damage
   193 | D:1      | HP: 7/18 [something (3)]
   196 | D:1      | Reached XP level 2. HP: 9/24 MP: 2/2
   252 | D:1      | XOM: harmless Air miscast
   474 | D:1      | XOM: harmless Summ miscast
   487 | D:1      | Reached skill level 3 in Maces & Flails
   504 | D:1      | XOM: divination: magic mapping
   685 | D:1      | XOM: harmless Summ miscast
   989 | D:2      | Found a snail-covered altar of Cheibriados.
  1017 | D:2      | Reached XP level 3. HP: 27/29 MP: 3/3
  1022 | D:2      | Found a burning altar of Makhleb.
  1028 | D:2      | XOM: mild Chrm miscast
  1086 | D:2      | Found a deep blue altar of Sif Muna.
  1210 | D:2      | Noticed Jessica
  1210 | D:2      | XOM: potion effect (experience)
  1210 | D:2      | Reached skill level 9 in Maces & Flails
  1210 | D:2      | Reached XP level 4. HP: 36/36 MP: 4/4
  1223 | D:2      | Killed Jessica
  1223 | D:2      | Reached XP level 5. HP: 39/42 MP: 5/5
  1314 | D:3      | Found a blossoming altar of Fedhas.
  1634 | D:3      | Found an ornate altar of the Wu Jian Council.
  1951 | D:4      | Reached skill level 4 in Fighting
  1967 | D:4      | Reached XP level 6. HP: 26/48 MP: 4/6
  2116 | D:4      | XOM: silly message
  2137 | D:4      | Found a staircase to the Ecumenical Temple.
  2280 | D:4      | Found a glowing golden altar of the Shining One.
  2327 | D:4      | XOM: medium Pois miscast
  2365 | D:4      | Noticed Grinder
  2385 | D:4      | Killed Grinder
  2385 | D:4      | Reached XP level 7. HP: 48/55 MP: 7/7
  2479 | D:4      | You fall through a shaft for 3 floors!
  2493 | D:6      | XOM: scenery: create altars
  2528 | D:6      | Reached skill level 10 in Maces & Flails
  2553 | D:6      | Found a sand-covered staircase.
  2566 | Ossuary  | Entered an ossuary
  2660 | Ossuary  | XOM: enchant monster (good)
  2668 | Ossuary  | XOM: fog
  2729 | Ossuary  | XOM: 7-stop teleportation journey
  2745 | Ossuary  | XOM: smoke on damage
  2867 | Ossuary  | XOM: swap monsters
  2884 | Ossuary  | XOM: destruction
  2912 | Ossuary  | XOM: noise
  3030 | Ossuary  | XOM: smoke on damage
  3098 | D:5      | Entered Level 5 of the Dungeon
  3152 | D:4      | HP: 27/55 [iguana (8)]
  3161 | D:4      | XOM: harmless Tmut miscast
  3233 | D:4      | XOM: medium Pois miscast
  3337 | D:4      | XOM: harmless Conj miscast
  3449 | D:4      | Found an opulent altar of Gozag.
  3537 | D:4      | Reached skill level 5 in Fighting
  3561 | D:4      | Noticed Eustachio
  3654 | D:4      | Killed Eustachio
  3654 | D:4      | Reached XP level 8. HP: 57/62 MP: 6/8
  3692 | D:4      | Found an ancient bone altar of Kikubaaqudgha.
  3923 | D:5      | Noticed p0werm0de's ghost (novice OpGl)
  3942 | D:5      | Noticed Menkaure
  3949 | D:5      | XOM: 8-stop teleportation journey
  3963 | D:5      | XOM: fog
  3967 | D:5      | Killed Menkaure
  4104 | D:5      | Found a shimmering altar of Xom.
  4475 | D:5      | XOM: summons friendly shadow imp
  4478 | D:5      | XOM: polymorph shadow imp -> iron imp
  4486 | D:5      | Killed p0werm0de's ghost
  4539 | D:6      | HP: 32/64 [acid (5)]
  4728 | D:6      | XOM: snakes to sticks
  4734 | D:6      | Found a shattered altar of Ashenzari.
  4764 | D:6      | Found Faud's Assorted Antiques.
  4766 | D:6      | XOM: 1-stop teleportation journey
  4779 | D:6      | XOM: summons friendly ynoxinul
  4789 | D:6      | HP: 32/64 [orc warrior/dire flail (8)]
  4794 | D:6      | Reached skill level 6 in Fighting
  4878 | D:6      | XOM: god gift: scroll of teleportation {god gift}
  5003 | D:6      | Found an ancient bone altar of Kikubaaqudgha.
  5059 | D:6      | Bought a scroll labeled KEIRHI EFOKHAO for 28 gold pieces
  5059 | D:6      | Bought a scroll labeled GELIOQ NAAKH for 28 gold pieces
  5059 | D:6      | Bought a worn ivory wand for 112 gold pieces
  5059 | D:6      | Bought a copper wand for 112 gold pieces
  5356 | D:7      | Noticed Pikel
  5390 | D:7      | Found a sacrificial altar of Ru.
  5409 | D:7      | XOM: noise
  5431 | D:6      | XOM: swap monsters
  5444 | D:6      | Reached skill level 11 in Maces & Flails
  5469 | D:7      | XOM: summons friendly ufetubus
  5485 | D:7      | XOM: enchant monster (bad)
  5510 | D:6      | HP: 31/64 [something (4)]
  5513 | D:6      | Reached XP level 9. HP: 33/69 MP: 5/9
  5737 | D:7      | XOM: cleaving
  5772 | D:7      | XOM: confusion
  5775 | D:7      | XOM: divination: magic mapping
  5790 | D:7      | XOM: cast spell 'Summon Butterflies'
  5797 | D:7      | XOM: potion effect (haste)
  5821 | D:7      | XOM: divination: detect creatures
  5832 | D:7      | Killed Pikel
  6062 | D:7      | XOM: silly message
  6068 | D:7      | XOM: harmless Conj miscast
  6129 | D:7      | Found a runed door.
  6133 | D:7      | Noticed Crazy Yiuf
  6137 | D:7      | Killed Crazy Yiuf
  6189 | D:8      | XOM: potion effect (brilliance)
  6210 | D:8      | Noticed esc's ghost (novice HOAr)
  6219 | D:8      | XOM: potion effect (invisibility)
  6230 | D:8      | XOM: fog
  6231 | D:8      | XOM: divination: magic mapping
  6252 | D:8      | XOM: harmless Necr miscast
  6253 | D:8      | Killed esc's ghost
  6253 | D:8      | Reached skill level 7 in Fighting
  6358 | D:8      | XOM: god gift: 2 poisoned javelins {god gift}
  6512 | D:8      | XOM: cloud trail
  6518 | D:8      | XOM: enchant monster (good)
  6581 | D:8      | Found a staircase to the Lair.
  6581 | D:8      | Noticed an elephant
  6581 | D:8      | Noticed a death yak
  6593 | D:8      | XOM: cast spell 'Metabolic Englaciation'
  6599 | D:8      | Reached XP level 10. HP: 60/79 MP: 10/10
  6599 | D:8      | XOM: summons friendly iron imp
  6616 | D:8      | HP: 4/79 [something (37)]
  6616 | D:8      | Annihilated by a death yak

Vanquished Creatures
  Pikel (D:7)
  The ghost of esc the Chopper, a novice HOAr (D:8)
  The ghost of p0werm0de the Slasher, a novice OpGl of Ashenzari (D:5)
  Grinder (D:4)
  2 hippogriffs (D:8)
  Eustachio (D:4)
  A wyvern (D:8)
  A hungry ghost (D:7)
  A basilisk (D:8)
  Menkaure (D:5)
  An orc warrior (D:6)
  2 sky beasts
  A slave (D:7)
  2 big kobolds
  A bullfrog (D:7)
  2 water moccasin zombies (Ossuary)
  2 scorpions
  2 crimson imps
  Crazy Yiuf (D:7)
  3 orc priests
  2 hounds
  A jelly (D:6)
  4 orc wizards
  Jessica (D:2)
  An iguana (D:4)
  A worker ant (shapeshifter) (D:3)
  3 worker ants
  3 big kobold zombies (Ossuary)
  A hound skeleton (D:5)
  A mummy (Ossuary)
  A worker ant zombie (D:4)
  9 adders
  3 gnolls (D:4)
  8 adder zombies (Ossuary)
  An ooze (D:5)
  4 dart slugs
  4 leopard geckos
  A leopard gecko (shapeshifter) (D:4)
  7 orcs
  3 bat zombies (D:4)
  4 giant cockroaches
  2 gnoll zombies (Ossuary)
  5 goblins
  5 hobgoblins
  9 jackals
  19 kobolds
  3 quokkas
  5 bats
  2 frilled lizards
  A goblin zombie (D:6)
  5 hobgoblin zombies (Ossuary)
  5 kobold zombies (Ossuary)
  4 orc zombies (Ossuary)
  2 quokka skeletons
  10 rats
  2 rat zombies
  A plant (D:4)
171 creatures vanquished.

Vanquished Creatures (others)
  A spatial vortex (D:8)
  A water moccasin zombie (Ossuary)
  An orc wizard (D:4)
  A mummy (Ossuary)
  An adder zombie (Ossuary)
  A hobgoblin (D:1)
  A kobold zombie (Ossuary)
  2 orc zombies (Ossuary)
9 creatures vanquished.

Grand Total: 180 creatures vanquished

Table legend:
 A = Turns spent in this place as a percentage of turns spent in the entire game.
 B = Non-inter-level travel turns spent in this place as a percentage of non-inter-level travel turns spent in the entire game.
 C = Inter-level travel turns spent in this place as a percentage of turns spent in this place.
 D = Turns resting spent in this place as a percentage of non-inter-level travel turns spent in this place.
 E = Turns spent auto-exploring this place as a percentage of non-inter-level travel turns spent in this place.
 F = Non-inter-level travel turns spent in this place divided by the number of levels of this place that you've seen.
                   A       B       C       D       E      F
               +-------+-------+-------+-------+-------+----------------------
         Total | 100.0 | 100.0 |   4.7 |  25.7 |  48.7 | 700.4
       Dungeon |  92.3 |  91.9 |   5.1 |  23.3 |  52.4 | 724.5
       Ossuary |   7.7 |   8.1 |   0.0 |  52.6 |   5.9 | 508.0
               +-------+-------+-------+-------+-------+----------------------
